 Dungeon Crawl Stone Soup version 0.30.1-11-g7821555f0a (webtiles) character file.

Game seed: 8716658419724691806

50 Woods the Magician (level 4, -2/31 HPs)
             Began as a Djinni Conjurer on Oct 30, 2023.
             Slain by Grinder (8 damage)
             ... on level 2 of the Dungeon.
             The game lasted 00:03:33 (1503 turns).

Woods the Magician (Djinni Conjurer)                Turns: 1503, Time: 00:03:34

Health: -2/31      AC:  3    Str:  6    XL:     4   Next: 4%
Gold:   72         EV: 12    Int: 28    God:
                   SH:  0    Dex: 11

rFire   + + .        k - staff of conjuration
rCold   x . .        (no shield)
rNeg    . . .        a - +0 robe
rPois   ∞            g - +0 helmet
rElec   .            (no cloak)
rCorr   .            (no gloves)
SInv    +            (boots unavailable)
Will    .....        (no amulet)
Stlth   ++           e - +6 ring of intelligence
HPRegen 0.25/turn    d - ring of see invisible
MPRegen 0.00/turn

%: infuse magic (-3 HP)
@: flying
A: sickness immunity, fire resistance 2, cold vulnerability 1, float, innate
caster, HP casting, extra vitality 1
a: no special abilities


You were on level 2 of the Dungeon.
You visited 1 branch of the dungeon, and saw 3 of its levels.

You collected 72 gold pieces.

Inventory:

Armour
 a - a +0 robe (worn)
 c - a +0 tower shield
 g - a +0 helmet (worn)
Magical Staves
 k - a staff of conjuration (weapon)
Jewellery
 d - a ring of see invisible (right hand)
 e - a +6 ring of intelligence (left hand)
 p - a +6 ring of intelligence
Scrolls
 f - a scroll of brand weapon {unknown}
 j - a scroll of enchant weapon {unknown}
 l - a scroll of magic mapping {unknown}
 m - a scroll of amnesia {unknown}
 n - a scroll of poison {unknown}
 o - 2 scrolls of teleportation {unknown}
 q - a scroll of vulnerability {unknown}
Potions
 b - 2 potions of attraction {unknown}
 h - a potion of haste {unknown}
 i - a potion of heal wounds {unknown}


   Skills:
 + Level 0.9 Fighting
 * Level 3.0 Dodging
 * Level 2.2 Stealth
 * Level 3.5 Spellcasting


You knew the following spells:

 Your Spells              Type           Power      Damage    Failure   Level
a - Magic Dart            Conj           100%       1d8       1%          1
b - Searing Ray           Conj           74%        2d7       2%          2
c - Dazzling Flash        Conj/Hex       74%        N/A       5%          3
d - Fulminant Prism       Conj/Hex       18%        3d10      19%         4
e - Iskenderun's Mystic   Conj/Tloc      37%        2d9       19%         4
f - Freeze                Ice            100%       1d10      1%          1
Your spell library was empty.

Dungeon Overview and Level Annotations

Branches:
Dungeon (3/15)

Altars:
Nemelex Xobeh

Annotations:
D:2 Grinder


Innate Abilities, Weirdness & Mutations

You are immune to sickness and miasma.
You are immune to poison.
Your flesh is very heat resistant. (rF++)
You are vulnerable to cold. (rC-)
You float through the air rather than walking.
You learn spells naturally, not from books.
Your magical power is your life essence.
You have superior vitality. (+4 MHP)


Message History

The orc shouts!
Aiming: Magic Dart (safe; 1% risk of failure)
Press: ? - help, Q - select action, (/) - cycle Shift-Dir - straight line, f - you You feel a surge of power!
That beam is likely to hit you.
Continue anyway?
Okay, then.
Unknown command.
An orc comes into view. It is wielding a +0 short sword.
Grinder comes into view.
Aiming: Magic Dart (safe; 1% risk of failure)
Press: ? - help, Q - select action, (/) - cycle Shift-Dir - straight line, f - orc
Aim: an orc, wielding a +0 hand axe (100% to hit)
You feel a surge of power!
The magic dart hits the orc.
The orc is moderately wounded.
Unknown command.
There is a stone staircase leading up here.
Grinder hits you!
You writhe in agony.
You fly upwards.
There is a stone staircase leading down here.
Casting: Magic Dart (safe; 1% risk of failure)
Confirm with . or Enter, or press ? or * to list all spells.
Aiming: Searing Ray (safe; 2% risk of failure)
Press: ? - help, Shift-Dir - straight line, f - Grinder
Aim: Grinder (78% to hit)
You feel a surge of power!
The searing ray misses Grinder. (Press . to maintain the ray.) Grinder hits you!
You writhe in agony.
* * * LOW HITPOINT WARNING * * *
The searing ray hits Grinder!
Grinder is lightly wounded.
* * * LOW HITPOINT WARNING * * *
Grinder hits you.
* * * LOW HITPOINT WARNING * * *
You writhe in agony.
* * * LOW HITPOINT WARNING * * *
The searing ray hits Grinder!
Grinder is moderately wounded.
* * * LOW HITPOINT WARNING * * *
Grinder hits you!
You die...

.....#~.~...~.~#.......###.##.###
#####..~.....~.......#.# #.......
### ##.#.....#.......#.# ####.#.#
..# ##.#####.##.#..##.# #.#.# ..#
#.......##....##.# #.#.# ..#
#.....#.##...###.# #.... (.#
#.....#.##.#.# #<# ###.# ..#
##'####...5#.# ### #.# ..# #.#
###.@#<# ### ..######'###########
..##.........#
..'..........##########
..##..................#
####..................# #
#...........(......# #
#########..........# #
#..........#


You could see Grinder.

Vanquished Creatures
  An adder (D:2)
  A dart slug (D:1)
  An orc (D:3)
  5 endoplasms
  4 giant cockroaches
  3 goblins
  4 hobgoblins
  3 ball pythons
  2 bats (D:1)
  5 frilled lizards
  6 kobolds
  A rat (D:1)
36 creatures vanquished.

Notes
Turn   | Place    | Note
-------+----------+-------------------------------------------
     0 | D:1      | Woods the Djinni Conjurer began the quest for the Orb.
     0 | D:1      | Woods set off with the following spells memorised: Magic
                  | Dart, Searing Ray, Dazzling Flash, Fulminant Prism,
                  | Iskenderun's Mystic Blast.
     0 | D:1      | Reached XP level 1. HP: 15/15 MP: 0/0
   163 | D:1      | Reached XP level 2. HP: 19/21 MP: 0/0
   434 | D:1      | Reached XP level 3. HP: 19/26 MP: 0/0
   434 | D:1      | Learned a level 1 spell: Freeze
  1023 | D:2      | Found a faded altar of an unknown god.
  1041 | D:2      | Found a sparkling altar of Nemelex Xobeh.
  1471 | D:3      | Reached XP level 4. HP: 30/31 MP: 0/0
  1488 | D:3      | Noticed Grinder
  1503 | D:2      | Slain by Grinder

Illustrated notes

Levels and vault maps discovered:
D:1:      heliophobic_arrival_enchanted_forest, layout_loops_ring,
          minmay_misc_feat_columns, kennysheep_crisscross
D:2:      layout_basic, basic_altar, shapermc_ecumenical_altar_starsandcircs
D:3:      layout_basic, mainiacjoe_overflow_boulevard, serial_aquarium,
          aquarium_bridge_square [aquarium_subvault_wall,
          aquarium_subvault_wall, aquarium_subvault_bridge,
          aquarium_subvault_bridge], aquarium_window_2, aquarium_window_1,
          aquarium_view_2d, aquarium_balcony_5b, uniq_grinder

Skill      XL: |  1  2  3 |
---------------+----------+-----
Stealth        | 2 |  2.2
Dodging        | 3 |  3.0
Fighting       | |  0.9
Spellcasting   | |  3.5

Action                     |  1- 3 |  4- 6 || total
---------------------------+-------+-------++-------
   Cast: Magic Dart        |    48 |     3 ||    51
         Searing Ray       |    10 |     1 ||    11
  Dodge: Dodged            |     2 |       ||     2
